 Dungeon Crawl Stone Soup version 0.29-a0-380-gf50f0a9fbc (webtiles) character file.

Game seed: 15734754190171798118

8312 siradein the Artisan of Death (level 11, -1/81 HPs)
             Began as a Demonspawn Necromancer on May 6, 2022.
             Was a Priest of Kikubaaqudgha.
             Slain by a vault guard
             ... wielding a +0 broad axe
              (10 damage)
             ... in a bailey.
             The game lasted 00:42:32 (13692 turns).

siradein the Artisan of Death (DsNe)               Turns: 13692, Time: 00:42:33

Health: -1/81      AC: 17    Str:  8    XL:     11   Next: 8%
Magic:  0/24       EV: 11    Int: 28    God:    Kikubaaqudgha [***...]
Gold:   590        SH:  9    Dex: 13    Spells: 18/28 levels left

rFire   . . .      SeeInvis .   N - +9 staff of Olgreb {rPois∞}
rCold   + . .      Faith    .   H - +0 buckler
rNeg    . . .      Spirit   +   B - +3 ring mail {rC+}
rPois   ∞          Reflect  .   (no helmet)
rElec   .          Harm     .   (no cloak)
rCorr   .          Rampage  .   (no gloves)
Will    .....                   f - +2 pair of boots
Stlth   +.........              (no amulet)
HPRegen 0.23/turn               p - ring of flight
MPRegen 0.38/turn               t - +6 ring of intelligence

@: mighty, flying
A: thin metallic scales 1, icemail 1, magic shield, magic regeneration,
condensation shield, weakness stinger 1
a: Renounce Religion, Evoke the Staff of Olgreb, Receive Corpses


You were in a bailey.
You worshipped Kikubaaqudgha.
Kikubaaqudgha was most pleased with you.
You visited 2 branches of the dungeon, and saw 10 of its levels.
You also visited: Sewer and Bailey.

You collected 590 gold pieces.

Inventory:

Hand Weapons
 A - the +9 hunting sling of Rotation {speed, rElec rF- Str+6}
   (You took it off a hobgoblin on level 4 of the Dungeon)

   Attacks with this weapon are significantly faster.
   Str:       It affects your strength (+6).
   rF:        It makes you vulnerable to fire.
   rElec:     It insulates you from electricity.
 N - the +9 staff of Olgreb (weapon) {rPois∞}
   (You found it on level 7 of the Dungeon)

   If the wielder is skilled in Evocations, they can envenom those struck by it,
   dealing poison damage which bypasses armour.
   It enhances your poison magic.
   It grants immunity to poison.
   It can be activated via the 'a'bility menu to radiate toxic energy, with
   effectiveness depending on Evocations skill.
Armour
 f - a +2 pair of boots (worn)
 B - a +3 ring mail of cold resistance (worn)
 H - a +0 buckler (worn)
Jewellery
 p - a ring of flight (left hand)
 t - a +6 ring of intelligence (right hand)
Wands
 o - a wand of flame (29)
 E - a wand of mindburst (15)
Scrolls
 c - a scroll of brand weapon {unknown}
 g - 2 scrolls of amnesia
 h - 2 scrolls of magic mapping
 i - a scroll of poison
 m - 2 scrolls of enchant weapon
 r - a scroll of silence
 s - 3 scrolls of fog
 w - 4 scrolls of teleportation
 y - 3 scrolls of vulnerability {unknown}
 C - 2 scrolls of acquirement
 D - 4 scrolls of fear {unknown}
 F - a scroll of torment {unknown}
 J - a scroll of blinking {unknown}
 K - 2 scrolls of noise {unknown}
Potions
 a - a potion of flight {unknown}
 b - 2 potions of magic
 d - 6 potions of mutation
 e - 3 potions of curing
 j - 2 potions of might
 l - a potion of ambrosia {unknown}
 n - a potion of heal wounds {unknown}
 q - 2 potions of cancellation
 u - a potion of experience {unknown}
 v - a potion of haste {unknown}
 x - a potion of attraction {unknown}
 z - a potion of invisibility {unknown}
 G - a potion of lignification {unknown}
 L - a potion of brilliance {unknown}


   Skills:
 + Level 6.0 Fighting
 + Level 5.9 Dodging
 - Level 1.7 Stealth
 - Level 4.0 Shields
 + Level 9.0 Spellcasting
 + Level 11.3 Necromancy
 + Level 4.0 Evocations


You had 18 spell levels left.
You knew the following spells:

 Your Spells              Type           Power      Damage    Failure   Level
a - Pain                  Necr           100%       1d9       1%          1
b - Vampiric Draining     Necr           66%        2d10      1%          3
c - Animate Dead          Necr           33%        N/A       1%          4
d - Passwall              Tmut/Erth      10%        N/A       26%         2

Your spell library contained the following spells:

 Spells                   Type           Power      Damage    Failure   Level
 Animate Skeleton         Necr           100%       N/A       1%          1
 Sublimation of Blood     Necr           66%        N/A       1%          2
 Dispel Undead            Necr           66%        3d23      1%          4
 Corpse Rot               Necr/Air       88%        N/A       2%          2
 Agony                    Necr           66%        N/A       4%          5
 Anguish                  Hex/Necr       22%        N/A       17%         4
 Beastly Appendage        Tmut           24%        N/A       19%         1
 Sandblast                Erth           24%        2d8       19%         1
 Summon Small Mammal      Summ           48%        N/A       19%         1
 Wereblood                Tmut           12%        N/A       26%         2
 Death Channel            Necr           33%        N/A       26%         6
 Call Canine Familiar     Summ           12%        N/A       47%         3
 Spider Form              Tmut/Pois      19%        N/A       47%         3
 Stone Arrow              Conj/Erth      24%        3d8       47%         3
 Summon Guardian Golem    Hex/Summ       12%        N/A       47%         3
 Fulminant Prism          Conj/Hex       6%         3d7       87%         4
 Iskenderun's Mystic Bla  Conj/Tloc      12%        2d5       87%         4
 Simulacrum               Ice/Necr       22%        N/A       95%         6
 Lee's Rapid Deconstruct  Erth           6%         3d7*      99%         5


Dungeon Overview and Level Annotations

Branches:
Dungeon (9/15)             Temple (1/1) D:6             Orc (0/2) D:9
  Sewer (visited)          Bailey (1/1)
   Lair: D:8-11

Altars:
Ashenzari
Cheibriados
Dithmenos
Elyvilon
Fedhas
Gozag
Hepliaklqana
Kikubaaqudgha
Makhleb
Nemelex Xobeh
Okawaru
Qazlal
Ru
Sif Muna
Trog
Uskayaw
Vehumet
Xom
Yredelemnul
Zin
The Shining One

Shops:
D:3 (   D:6 (

Annotations:
D:7 1 runed translucent door


Innate Abilities, Weirdness & Mutations

You are partially covered in thin metallic scales. (AC +2)
A meltable icy envelope protects you from harm. (AC +4)
When hurt, damage is shared between your health and your magic reserves.
You regenerate magic rapidly.
A meltable shield of frost defends you. (SH +4)
You have a small tail.


Message History

You completely miss the vault guard.
You tail-slap the vault guard, but do no damage.
The vault guard is lightly wounded.
The vault guard barely misses you.
You thump the vault guard!
The vault guard is moderately wounded.
The vault guard hits you with a +0 broad axe.
The vault guard hits you with a +0 broad axe!
Casting: Vampiric Draining (safe; 1% risk of failure)
Confirm with . or Enter, or press ? or * to list all spells.
Aiming: Vampiric Draining (safe; 1% risk of failure)
Press: ? - help, Shift-Dir - straight line, f - vault guard
Aim: a vault guard, wielding a +0 broad axe and wearing a +0 chain mail (moderately wounded, poisoned)
You draw life force from the vault guard!
You feel life coursing into your body. The vault guard closely misses you.
Unknown command.
Unknown command.
You thump the vault guard!
You envenom the vault guard.
The vault guard looks even sicker.
Your tail-slap misses the vault guard.
The vault guard is severely wounded.
The vault guard hits you with a +0 broad axe.
You hit the vault guard.
The vault guard is severely wounded.
The vault guard hits you with a +0 broad axe!!
* * * LOW HITPOINT WARNING * * *
You see here the human corpse of Prince Ribbit.
The vault guard attacks as you move away!
You block the vault guard's attack.
You hit the vault guard but do no damage.
The vault guard is severely wounded.
The vault guard hits you with a +0 broad axe!
* * * LOW HITPOINT WARNING * * *
You feel very mighty all of a sudden. You block the vault guard's attack.
You closely miss the vault guard.
The vault guard is severely wounded.
The vault guard looks more healthy.
The vault guard hits you with a +0 broad axe!
You die...
Kikubaaqudgha rasps: "You have failed me!
Welcome... death!"

#.....#...#
###)###..##
#≈≈..≈#..+
#≈≈..≈####
#####≈≈.≈##≈##
##≈..#≈≈.≈≈≈≈≈#
#≈...#≈≈..≈≈≈≈##
##≈..##≈≈...≈≈≈≈#
#≈..≈#≈≈@.≈.≈≈≈≈#
#..≈##≈≈p.≈≈≈≈≈≈#
#'###≈≈)....≈≈≈≈#
#.≈≈≈≈.≈≈≈..≈≈≈≈#
##......≈...≈≈≈##
#≈≈≈......≈≈≈≈#
##≈≈≈##'##≈≈≈##
##≈##... #≈##
###..... ##


You could see a vault guard.

Vanquished Creatures
  A vault guard (Bailey)
  Joseph (D:8)
  2 hornets (D:8)
  Grinder (D:5)
  Prince Ribbit (Bailey)
  A yak (D:8)
  6 humans (Bailey)
  3 redbacks (D:7)
  3 water moccasins
  5 orc warriors
  A sky beast (D:8)
  A black bear (D:5)
  2 centaurs (D:8)
  7 kobold brigands
  10 bullfrogs
  4 necrophages
  2 gnoll sergeants
  7 scorpions
  2 wights (D:8)
  23 killer bees
  2 howler monkeys
  2 hounds (D:6)
  3 jellies
  An orc priest (D:4)
  3 iguanas
  7 orc wizards
  Terence (D:3)
  20 gnolls
  17 adders
  4 river rats
  2 shadow imps
  3 white imps
  3 worms
  6 dart slugs
  38 orcs
  10 ball pythons
  14 endoplasms
  6 giant cockroaches
  7 hobgoblins
  6 jackals
  23 kobolds
  7 quokkas
  4 bats
  3 frilled lizards
  5 goblins
  7 rats
287 creatures vanquished.

Vanquished Creatures (collateral kills)
  2 gnolls (D:5)
  A dart slug (D:5)
3 creatures vanquished.

Vanquished Creatures (others)
  A fungus (D:6)
1 creature vanquished.

Grand Total: 291 creatures vanquished

Notes
Turn   | Place    | Note
-------+----------+-------------------------------------------
     0 | D:1      | siradein the Demonspawn Necromancer began the quest for the
                  | Orb.
     0 | D:1      | Reached XP level 1. HP: 13/13 MP: 3/3
   382 | D:1      | Gained mutation: You regenerate magic rapidly. [demonic
                  | ancestry]
   382 | D:1      | Reached XP level 2. HP: 17/19 MP: 3/5
   487 | D:1      | Found a faded altar of an unknown god.
  1355 | D:2      | Reached skill level 5 in Necromancy
  1355 | D:2      | Gained mutation: A meltable shield of frost defends you.
                  | (SH +4) [demonic ancestry]
  1355 | D:2      | Reached XP level 3. HP: 20/24 MP: 2/7
  1359 | D:2      | Learned a level 3 spell: Vampiric Draining
  1930 | D:2      | Reached XP level 4. HP: 17/30 MP: 3/8
  3043 | D:3      | Found Wafis's Weapon Shoppe.
  3193 | D:3      | Noticed Terence
  3197 | D:3      | Killed Terence
  3198 | D:3      | Gained mutation: When hurt, damage is shared between your
                  | health and your magic reserves. [demonic ancestry]
  3198 | D:3      | Reached XP level 5. HP: 20/35 MP: 2/10
  3430 | D:3      | Reached skill level 6 in Necromancy
  3774 | D:4      | Reached XP level 6. HP: 29/41 MP: 3/12
  4061 | D:4      | Noticed an orc warrior
  4698 | D:4      | Identified the +9 hunting sling of Rotation {speed, rElec
                  | rF- Str+6}
  4927 | D:4      | Killed an orc warrior
  4928 | D:4      | Reached skill level 5 in Spellcasting
  4928 | D:4      | Reached skill level 7 in Necromancy
  4928 | D:4      | Gained mutation: You have a small tail. [demonic ancestry]
  4928 | D:4      | Reached XP level 7. HP: 43/46 MP: 7/14
  5413 | D:5      | Entered Level 5 of the Dungeon
  5584 | D:5      | Found a glowing drain.
  5668 | Sewer    | Entered a sewer
  6296 | Sewer    | Reached skill level 8 in Necromancy
  6913 | D:5      | Reached XP level 8. HP: 46/52 MP: 5/17
  7003 | D:5      | Noticed Grinder
  7005 | D:5      | Paralysed by Grinder for 2 turns
  7007 | D:5      | Killed Grinder
  7064 | D:5      | Reached skill level 9 in Necromancy
  7092 | D:4      | Learned a level 4 spell: Animate Dead
  7458 | D:5      | Reached skill level 1 in Fighting
  7749 | D:5      | Found a bloodstained altar of Trog.
  7749 | D:5      | Found a sparkling altar of Nemelex Xobeh.
  7915 | D:5      | Found a shimmering blue altar of Sif Muna.
  7919 | D:5      | Found a shimmering altar of Xom.
  8150 | D:6      | Found a stormy altar of Qazlal.
  8150 | D:6      | Found a blossoming altar of Fedhas.
  8228 | D:6      | Identified 2 scrolls of acquirement
  8276 | D:6      | Reached skill level 1 in Shields
  8932 | D:6      | Found Yfacoleopp's Weapon Boutique.
  8944 | D:6      | Found a shadowy altar of Dithmenos.
  8946 | D:6      | Found a sacrificial altar of Ru.
  8953 | D:6      | Found a staircase to the Ecumenical Temple.
  8969 | Temple   | Entered the Ecumenical Temple
  9099 | Temple   | Became a worshipper of Kikubaaqudgha
  9330 | D:6      | Found a basalt altar of Yredelemnul.
  9373 | D:6      | Reached XP level 9. HP: 39/62 MP: 2/20
  9902 | D:7      | Found the +9 staff of Olgreb {rPois∞}
 10010 | D:7      | Found a runed translucent gate.
 10010 | D:7      | Found a runed translucent gate.
 10011 | D:7      | Found a runed translucent door.
 10021 | D:7      | Found a runed translucent gate.
 10024 | D:7      | Found a runed translucent door.
 10047 | D:7      | Reached * piety under Kikubaaqudgha
 10047 | D:7      | Received a gift from Kikubaaqudgha
 10470 | D:7      | Reached skill level 10 in Necromancy
 11506 | D:8      | Gained mutation: A meltable icy envelope protects you from
                  | harm. (AC +4) [demonic ancestry]
 11506 | D:8      | Reached XP level 10. HP: 65/72 MP: 19/22
 11521 | D:8      | Reached ** piety under Kikubaaqudgha
 11605 | D:8      | Learned a level 2 spell: Passwall
 11973 | D:8      | Reached skill level 1 in Evocations
 12132 | D:8      | Noticed Joseph
 12355 | D:8      | Killed Joseph
 12507 | D:8      | Reached skill level 5 in Fighting
 12507 | D:8      | Reached skill level 5 in Dodging
 12778 | D:8      | Reached skill level 11 in Necromancy
 13055 | D:9      | Found a flagged portal.
 13075 | Bailey   | Entered a bailey
 13115 | Bailey   | Reached *** piety under Kikubaaqudgha
 13115 | Bailey   | Received a gift from Kikubaaqudgha
 13512 | Bailey   | Noticed a vault guard
 13538 | Bailey   | Killed a vault guard
 13539 | Bailey   | Gained mutation: You are partially covered in thin metallic
                  | scales. (AC +2) [demonic ancestry]
 13539 | Bailey   | Reached XP level 11. HP: 57/81 MP: 15/24
 13666 | Bailey   | Noticed Prince Ribbit
 13666 | Bailey   | Noticed a vault guard
 13681 | Bailey   | Killed Prince Ribbit
 13692 | Bailey   | Slain by a vault guard

Illustrated notes

Levels and vault maps discovered:
D:1:      lemuel_arrival_room, layout_loops_ring,
          hellmonk_ecumenical_altar_dog_temple
D:2:      layout_loops_ring, kennysheep_generic_room_6
D:3:      layout_basic, serial_shops, nicolae_shop_bloodbath_and_beyond,
          uniq_terence
D:4:      layout_basic
D:5:      layout_basic, minmay_overflow_temple_star_hex,
          gup_sewer_entry_bubbles, uniq_grinder
D:6:      layout_loops_ring, kennysheep_ying_yang,
          grunt_temple_overflow_forces_of_nature, mainiacjoe_overflow_big_doors,
          minmay_temple_entry_hall, serial_shops, shop
D:7:      layout_loops_corners, minmay_guarded_unrand_staff_of_olgreb
D:8:      layout_gridville, serial_bayou_pond_e, minmay_joined_circles,
          uniq_joseph
D:9:      layout_loops_ring, nicolae_overflow_hidden_temple,
          minmay_orc_entry_temple_small, enter_bailey_7
Temple:   zaba_magenta_temple
Bailey:   bailey_axe_froggy_fort_hellmonk, bailey

Skill      XL: |  1  2  3  4  5  6  7  8  9 10 |
---------------+-------------------------------+-----
Necromancy     | 5 6 7 8 9 10 11 | 11.3
Spellcasting   | 3 4 5 6 7 8 9 |  9.0
Dodging        | 3 4 5 |  5.9
Fighting       | 2 4 6 |  6.0
Shields        | 1 3 4 |  4.0
Evocations     | 4 |  4.0
Stealth        | |  1.7

Action                   |  1- 3 |  4- 6 |  7- 9 | 10-12 || total
-------------------------+-------+-------+-------+-------++-------
Melee: Unarmed           |     4 |     3 |       |       ||     7
       Short sword       |       |     8 |       |       ||     8
       Dagger            |       |       |     7 |       ||     7
       Spear             |       |       |   193 |       ||   193
       Tailslap          |       |       |    36 |    41 ||    77
       Staff             |       |       |    15 |   243 ||   258
 Fire: Hunting sling     |       |       |       |     4 ||     4
Throw: Throwing net      |       |       |       |     1 ||     1
 Cast: Pain              |    70 |   129 |   215 |       ||   414
       Vampiric Draining |       |     8 |    54 |    56 ||   118
       Animate Dead      |       |       |     2 |       ||     2
Evoke: Wand              |       |       |     3 |       ||     3
  Use: Scroll            |       |     2 |     3 |    12 ||    17
       Potion            |       |       |     1 |     1 ||     2
 Stab: Sleeping          |       |       |     1 |       ||     1
Armor: Robe              |     1 |     7 |     9 |       ||    17
       Ring mail         |       |       |    65 |   120 ||   185
Dodge: Dodged            |     4 |    17 |   141 |   156 ||   318
Block: Other             |     2 |     7 |     8 |       ||    17
       Buckler           |       |       |   103 |   163 ||   266

Table legend: (Time is in decaauts)
 A = Elapsed time spent in this place.
 B = Non-inter-level travel time spent in this place.
 C = Inter-level travel time spent in this place.
 D = Time resting spent in this place.
 E = Time spent auto-exploring this place.
 F = Levels seen in this place.
 G = Mean time per level.
                   A        B        C        D        E       F      G
               +--------+--------+--------+--------+--------+-----+--------+
         Total |  13791 |  13300 |    491 |   1000 |   9846 |  12 | 1149.2 |
       Dungeon |  11900 |  11409 |    491 |   1000 |   8323 |   9 | 1322.2 |
        Temple |    147 |    147 |      0 |      0 |    118 |   1 |  147.0 |
         Sewer |   1104 |   1104 |      0 |      0 |    945 |   1 | 1104.0 |
        Bailey |    639 |    639 |      0 |      0 |    460 |   1 |  639.0 |
               +--------+--------+--------+--------+--------+-----+--------+

Top non-repeatable levels by time:
     D:7: 2010 daAuts
     D:3: 1731 daAuts
     D:4: 1534 daAuts
     D:6: 1484 daAuts
     D:8: 1468 daAuts
     D:5: 1217 daAuts
     D:1: 1211 daAuts
     D:2: 1207 daAuts
   Sewer: 1104 daAuts
  Bailey: 639 daAuts
  Temple: 147 daAuts
     D:9: 35 daAuts
